 Dungeon Crawl Stone Soup version 0.28.0 (webtiles) character file.

Game seed: 13213431316524727038

355 browni3141 the Skirmisher (level 6, -1/84 HPs)
             Began as a Minotaur Berserker on Feb 15, 2022.
             Was a Believer of Trog.
             Slain by a water moccasin skeleton (2 damage)
             ... on level 5 of the Dungeon.
             The game lasted 00:01:43 (4243 turns).

browni3141 the Skirmisher (Minotaur Berserker)      Turns: 4243, Time: 00:01:44

Health: -1/84      AC:  2    Str: 21    XL:     6   Next: 36%
Magic:  5/5        EV: 13    Int:  4    God:    Trog [**....]
Gold:   78         SH:  0    Dex: 12    Spells: 5/5 levels left

rFire   . . .      SeeInvis .   a - +0 hand axe
rCold   . . .      Faith    .   (no shield)
rNeg    . . .      Spirit   .   b - +0 animal skin
rPois   .          Reflect  .   (helmet restricted)
rElec   .          Harm     .   (no cloak)
rCorr   .          Rampage  .   (no gloves)
Will    .....                   (no boots)
Stlth   ..........              (no amulet)
HPRegen 0.24/turn               (no ring)
MPRegen 0.09/turn               (no ring)

@: berserking (expiring), very quick
A: horns 2, retaliatory headbutt
a: Renounce Religion, Berserk, Trog's Hand


You were on level 5 of the Dungeon.
You worshipped Trog.
Trog was pleased with you.
You visited 1 branch of the dungeon, and saw 5 of its levels.

You collected 78 gold pieces.

Inventory:

Hand Weapons
 a - a +0 hand axe (weapon)
Armour
 b - a +0 animal skin (worn)
Jewellery
 g - a +4 ring of protection
 h - an amulet of magic regeneration
Scrolls
 c - a scroll of enchant armour {unknown}
 d - 3 scrolls of identify {unknown}
 e - a scroll of acquirement {unknown}
 j - a scroll of magic mapping {unknown}
 l - a scroll of holy word {unknown}
 m - a scroll of fear {unknown}
 n - a scroll of enchant weapon {unknown}
Potions
 f - 3 potions of heal wounds {unknown}
 i - 2 potions of cancellation {unknown}
 k - a potion of magic {unknown}


   Skills:
 + Level 5.4 Fighting
 + Level 5.3 Axes
 + Level 4.5 Armour
 + Level 4.1 Dodging


You had 5 spell levels left.
You didn't know any spells.
Your spell library was empty.

Dungeon Overview and Level Annotations

Branches:
Dungeon (5/15)
 Temple: D:4-7

Altars:

Shops:
D:1 ?


Innate Abilities, Weirdness & Mutations

You have a pair of horns on your head.
You reflexively headbutt those who attack you in melee.


Message History

The orc shouts!
A water moccasin skeleton comes into view.
You slash the orc!
You feel the power of Trog in you as your rage grows.
You kill the orc!
Trog accepts your kill.
A quokka comes into view.
An orc comes into view. It is wielding a +0 mace.
You see here a +0 hand axe.
You slash the orc!
You kill the orc!
Trog accepts your kill. The orc barely misses you.
Things that are here:
a +0 club; 13 gold pieces You barely miss the orc.
You closely miss the iguana. The iguana misses you.
You slash the orc!
You kill the orc!
Trog accepts your kill.
You slash the iguana! The iguana misses you.
You hit the iguana but do no damage.
The iguana is heavily wounded.
You completely miss the water moccasin skeleton.
A water moccasin comes into view.
The water moccasin hisses angrily.
You slash the iguana!
The iguana is severely wounded.
You slash the water moccasin skeleton!
The water moccasin skeleton bites you but does no damage.
The iguana bites you!
* * * LOW HITPOINT WARNING * * *
You barely miss the iguana. Your headbutt misses the iguana.
The iguana is severely wounded.
You hit the water moccasin skeleton.
The water moccasin skeleton bites you but does no damage.
You slash the iguana!
You kill the iguana!
Trog accepts your kill.
You slash the water moccasin skeleton! The water moccasin skeleton bites you.
You die...

#..### ##....
#.<.######....#
####........... .
#........#..# ..
#..##.......# ...
.... #..#####.#
S... .......##
##)# ....# <# ####
###))####.....#
#.....)@Z......
#..##.r.........
....##..##........
##.....##..#.....#
....#.. .###.....
###..... ## .....
...... ###. ....


You could see a water moccasin, a quokka and a water moccasin skeleton.

Vanquished Creatures
  An ogre (D:3)
  A scorpion (D:2)
  A bullfrog zombie (D:3)
  An orc priest (D:5)
  2 iguanas
  A hound skeleton (D:4)
  An adder (D:3)
  An ufetubus (D:5)
  3 dart slugs
  16 orcs
  3 endoplasms
  3 giant cockroaches
  7 goblins
  7 hobgoblins
  4 jackals (D:1)
  3 quokkas
  5 ball pythons
  4 bats
  6 kobolds
  4 rats
74 creatures vanquished.

Notes
Turn   | Place    | Note
-------+----------+-------------------------------------------
     0 | D:1      | browni3141 the Minotaur Berserker began the quest for the
                  | Orb.
     0 | D:1      | Reached XP level 1. HP: 19/19 MP: 0/0
   292 | D:1      | Reached XP level 2. HP: 24/27 MP: 1/1
   794 | D:1      | Found Kufiol's Magic Scroll Emporium.
   998 | D:1      | Reached XP level 3. HP: 32/33 MP: 2/2
  1208 | D:2      | Noticed a scorpion
  1210 | D:2      | Found a faded altar of an unknown god.
  1216 | D:2      | Killed a scorpion
  1217 | D:2      | Reached XP level 4. HP: 21/41 MP: 3/3
  1959 | D:3      | Reached ** piety under Trog
  2156 | D:3      | Reached XP level 5. HP: 19/47 MP: 4/4
  2503 | D:3      | Noticed an ogre
  2511 | D:3      | Killed an ogre
  2512 | D:3      | Reached skill level 5 in Fighting
  2512 | D:3      | Reached skill level 5 in Axes
  2946 | D:4      | Reached XP level 6. HP: 56/56 MP: 5/5
  4204 | D:5      | Entered Level 5 of the Dungeon
  4240 | D:5      | Noticed a water moccasin
  4241 | D:5      | HP: 1/84 [iguana (10)]
  4243 | D:5      | Slain by a water moccasin skeleton

Illustrated notes

Levels and vault maps discovered:
D:1:      eino_arrival_water_cross, layout_basic, serial_shops, shop
D:2:      layout_rooms, nicolae_ecumenical_lake_church, hangedman_decor_opposing
D:3:      layout_basic
D:4:      layout_layer_cave, kennysheep_donut, hangedman_decor_push
D:5:      layout_rooms, minmay_temple_entry_antechambers, gammafunk_ghost_hive,
          uniq_ijyb

Skill      XL: |  1  2  3  4  5  6 |
---------------+-------------------+-----
Fighting       | 4 5 |  5.4
Axes           | 4 5 |  5.3
Armour         | 3 4 |  4.5
Dodging        | 3 4 |  4.1

Action                   |  1- 3 |  4- 6 || total
-------------------------+-------+-------++-------
Melee: Hand axe          |    70 |    94 ||   164
       Headbutt          |    11 |    10 ||    21
Invok: Berserk           |     1 |     3 ||     4
 Stab: Sleeping          |       |     2 ||     2
Armor: Animal skin       |     9 |     9 ||    18
Dodge: Dodged            |    47 |    58 ||   105
